[Event "*** Titled Tuesday 3|2 Blitz"]
[Site "Chess.com"]
[Date "2015.11.03"]
[Round "9"]
[White "MMSANCHEZ"]
[Black "ItalianMachine"]
[Result "1-0"]
[WhiteElo "2322"]
[BlackElo "2263"]
[TimeControl "180+2"]
[EndTime "18:52:40 PST"]
[Termination "MMSANCHEZ won by resignation"]

1. d4 Nf6 2. Nf3 e6 3. c4 b6 4. g3 Bb7 5. Bg2 Bb4+ 6. Nbd2 O-O 7. O-O d5 8. Qc2 Nbd7 9. a3 Be7 10. b3 c5 11. Bb2 Rc8 12. Rac1 cxd4 13. Nxd4 Re8 14. Qb1 e5 15. Nf5 Bf8 16. cxd5 Bxd5 17. Bxd5 Nxd5 18. Rfd1 Rxc1 19. Qxc1 Qf6 20. Qb1 g6 21. Nc4 Qe6 22. Nfe3 Nxe3 23. Nxe3 Nc5 24. b4 Na4 25. Ba1 Rc8 26.
Nd5 Bg7 27. e4 b5 28. Rc1 Bf8 29. Rxc8 Qxc8 30. Bxe5 Qe6 31. Qa1 f5 32. Nf6+ Kf7 33. Nxh7 Be7 34. h4 fxe4 35. Ng5+ Bxg5 36. hxg5 Qd5 37.
Bf4 Qf5 38. Qh8 Qd7 39. Qh7+ Ke6 40. Qxg6+ Kd5 41. Qg8+ Kd4 42. g6 Nc3 43. Kg2 Qb7 44.
Be3+ Kd3 45. g7 Nd5 46. Qd8 Qxg7 47. Qxd5+ Kc2 48. Qxb5 1-0

[Event "*** Titled Tuesday 3|2 Blitz"]
[Site "Chess.com"]
[Date "2015.11.03"]
[Round "9"]
[White "spirals5"]
[Black "SerGo055"]
[Result "0-1"]
[WhiteElo "2212"]
[BlackElo "2398"]
[TimeControl "180+2"]
[EndTime "18:53:06 PST"]
[Termination "SerGo055 won by resignation"]

1. e4 d5 2. exd5 Qxd5 3. Nc3 Qd8 4. d4 Nf6 5. Bc4 Bg4 6. f3 Bf5 7. Be3 e6 8. Nge2 c6 9. O-O Bd6 10. Ng3 Bg6 11. Nce4 Be7 12. Nxf6+ Bxf6 13. c3 O-O 14. Re1 Nd7 15. Ne4 Nb6 16. Nxf6+ Qxf6 17. Bb3 Rfd8 18. Qc1 h6 19. Bf4 Nd5 20. Bxd5 cxd5 21. Qe3 b5 22. a3 a5 23. Qe5 Qxe5 24. Bxe5 Rdc8 25. Bd6 Ra6 26.
Bc5 f6 27. b4 axb4 28. axb4 Rca8 29. Rxa6 Rxa6 30. Re2 Kf7 31. Kf2 Bd3 32. Rd2 Bc4 33.
g4 e5 34. dxe5 fxe5 35. Rd1 Ra2+ 36. Kg3 Rc2 37. Re1 Kf6 38. Bd6 e4 39. fxe4 Rxc3+ 40. Kf2 d4 41. Bc5 Rc2+ 42. Kg3 Ke5 43. Bf8 Rc3+ 44. Kf2 Rc2+ 45. Kg3 Kf6 46. e5+ Kf7 47. Bc5 d3 48. Kf3 Rxh2 49. Ke3 Ke6 50. Bd6 Rg2 51. Rd1 Rxg4 52. Rd2 h5 53. Kf3 g5 54. Rh2 Rf4+ 55. Ke3 h4 56. Kd2 Re4 57. Bc5 Re2+ 58.
Rxe2 dxe2 59. Bf2 Kxe5 60. Ke3 Kf5 61. Kf3 g4+ 62. Ke3 g3 63. Be1 Kg4 0-1

[Event "*** Titled Tuesday 3|2 Blitz"]
[Site "Chess.com"]
[Date "2015.11.03"]
[Round "9"]
[White "Sadovsky_Artem"]
[Black "Izoria123"]
[Result "1-0"]
[WhiteElo "2521"]
[BlackElo "2461"]
[TimeControl "180+2"]
[EndTime "18:53:11 PST"]
[Termination "Sadovsky_Artem won by resignation"]

1. e4 c5 2. Nf3 a6 3. c4 e6 4. Nc3 Qc7 5. Be2 Nf6 6. O-O Nc6 7. d4 cxd4 8. Nxd4 Bb4 9. Nxc6 dxc6 10. Be3 e5 11. Qc2 Ng4 12. Bxg4 Bxg4 13. Na4 Qe7 14. a3 Bd6 15. f3 Be6 16. Rfd1 O-O 17. Bb6 f5 18.
Qd2 Bc7 19. Bxc7 Qxc7 20. Qd6 Qf7 21. Nb6 Rae8 22. Qxe5 Bxc4 23. Qxf5 Qxf5 24. exf5 Bb3 25. Re1 Rxe1+ 26. Rxe1 Rxf5 27. Re7 Rb5 28. Rxb7 a5 29.
Rb8+ Kf7 30. Nd7 Rxb8 31. Nxb8 Ba4 32. Nd7 Ke7 33. Nc5 Bb5 34. Kf2 Kd6 35. Nb7+ Kd5 36. Nxa5 Kd4 37. b3 c5 38. h4 Bd3 39. g4 h6 40.
Nc6+ Kc3 41. Ke3 Bc2 42. b4 c4 43. b5 Ba4 44. Nd4 Kb2 45. b6 Bc6 46. Nxc6 c3 47.
Nd4 1-0

[Event "*** Titled Tuesday 3|2 Blitz"]
[Site "Chess.com"]
[Date "2015.11.03"]
[Round "9"]
[White "Anton_Demchenko"]
[Black "LePlusMortel"]
[Result "1-0"]
[WhiteElo "2628"]
[BlackElo "2423"]
[TimeControl "180+2"]
[EndTime "18:53:11 PST"]
[Termination "Anton_Demchenko won on time"]

1. e4 c5 2. Nf3 d6 3. d4 cxd4 4. Nxd4 Nf6 5. Nc3 g6 6. Be3 Bg7 7. f3 O-O 8. Qd2 Nc6 9. Bc4 Bd7 10. O-O-O Rc8 11. Be2 Nxd4 12. Bxd4 Be6 13. Kb1 Re8 14. g4 Qa5 15. a3 Rb8 16. h4 b5 17. Nd5 Qxd2 18.
Rxd2 Bxd5 19. exd5 a6 20. h5 Nd7 21. Bf2 a5 22. h6 Be5 23. Be3 Nc5 24. f4 Bh8 25.
g5 b4 26. Bxc5 dxc5 27. a4 Red8 28. Bc4 Kf8 29. Re2 Rd6 30. Rhe1 Rb7 31. Kc1 Rbd7 32.
Kb1 Bd4 33. Ka2 Rc7 34. Kb3 Bh8 35. c3 Rb7 36. Kc2 Rc7 37. Re3 Rb7 38. R1e2 Rc7 39.
Rd2 Rb7 40. Rdd3 Rc7 41. Re2 Ke8 42. Kb3 Kf8 43. Bb5 e6 44. dxe6 Rxd3 45. Bxd3 Re7 46. Bc4 fxe6 47. Bxe6 1-0

[Event "*** Titled Tuesday 3|2 Blitz"]
[Site "Chess.com"]
[Date "2015.11.03"]
[Round "9"]
[White "bugsbunny444"]
[Black "Aygehovit1992"]
[Result "1-0"]
[WhiteElo "2362"]
[BlackElo "2454"]
[TimeControl "180+2"]
[EndTime "18:53:51 PST"]
[Termination "bugsbunny444 won by resignation"]

1. Nf3 g6 2. e4 Bg7 3. d4 d6 4.
Nc3 a6 5. a4 b6 6. Bc4 e6 7. O-O Bb7 8. h3 Ne7 9. Be3 Nd7 10. Qd2 d5 11. exd5 exd5 12. Bd3 O-O 13. Bh6 c5 14. Rfe1 c4 15. Bxg7 Kxg7 16. Bf1 Nf5 17. Qf4 Rc8 18. Re2 Qf6 19. Rae1 Bc6 20. g4 Nd6 21. Qxf6+ Nxf6 22. Ne5 Nfe4 23. Nxc6 Rxc6 24.
Nxd5 c3 25. b3 f5 26. Bg2 b5 27. Nb4 Rb6 28. a5 Rbb8 29. Nxa6 Ra8 30. Nc5 Rxa5 31. Ne6+ Kf7 32. Nxf8 Kxf8 33. Bxe4 fxe4 34. f3 exf3 35.
Rf1 b4 36. Rxf3+ Kg7 37. h4 Rd5 38. Rf4 Nb5 39. Re5 Rxd4 40. Rxd4 Nxd4 41. Kf2 Nxc2 42. Rb5 Kf6 43. g5+ Ke6 44. Rb8 Kd5 45. Ke2 Nd4+ 46. Kd3 c2 47. Kd2 Nxb3+ 48. Kxc2 Nd4+ 49. Kd3 Nf3 50. Rxb4 Ke6 51. Ke3 Ne5 52. Ra4 Kf5 53. Rf4+ Ke6 54.
Rf6+ Ke7 55. Kf4 Nd3+ 56. Kg3 Ne5 57. Rf1 Ke6 58. Rf6+ Ke7 59. Ra6 Nf7 60. Kf4 Nd6 61.
Ra7+ Ke6 62. Rxh7 Nf5 63. h5 Nh4 64. h6 Ng2+ 65. Kg3 Ne3 66. Ra7 Nf5+ 67. Kf4 Nd6 68. Ra6 1-0

[Event "*** Titled Tuesday 3|2 Blitz"]
[Site "Chess.com"]
[Date "2015.11.03"]
[Round "9"]
[White "Tirantes"]
[Black "Shivagami"]
[Result "1-0"]
[WhiteElo "2234"]
[BlackElo "1795"]
[TimeControl "180+2"]
[EndTime "18:53:51 PST"]
[Termination "Tirantes won by resignation"]

1. c4 Nc6 2. g3 e5 3. Bg2 Nge7 4. Nc3 g6 5. e4 Bg7 6. Nge2 d6 7. d3 Bg4 8. h3 Be6 9. Nd5 Qd7 10. Bg5 O-O-O 11.
Qa4 Kb8 12. Be3 Bxd5 13. cxd5 Nd4 14. Qxd7 Rxd7 15. Rc1 Nxe2 16. Kxe2 f5 17. h4 Rf8 18. h5 f4 19. Bd2 g5 20. h6 Bf6 21. Bh3 Rdd8 22.
Be6 c6 23. dxc6 Nxc6 24. Bc3 Rde8 25. Bd7 Kc7 26. Bxe8 Rxe8 27. gxf4 gxf4 28. Rhg1 Rf8 29. Kf3 Ne7 30. Rg4 Ng6 31. Rcg1 Rg8 32. Ke2 b5 33. a3 Kd7 34. a4 a6 35. axb5 axb5 36. Ra1 Kc6 37. Ra7 Be7 38. Rxg6 Rxg6 39. Rxe7 Rxh6 40.
Bb4 Rh1 41. Re6 h5 42. Rxd6+ Kc7 43. Re6 h4 44. Rxe5 h3 45. Rh5 h2 46. Kf3 Rb1 47.
Rxh2 Rxb2 48. Bc5 b4 49. Kxf4 b3 50. Rh1 Rc2 51. Bd4 Rd2 52. Ke3 Ra2 53. Rb1 Ra3 54. Rb2 Kd6 55. f4 Ke6 56. f5+ Kd6 57. Bc3 Kc5 58.
f6 Ra6 59. f7 Ra8 60. Rxb3 Rf8 61. Bb4+ 1-0

[Event "*** Titled Tuesday 3|2 Blitz"]
[Site "Chess.com"]
[Date "2015.11.03"]
[Round "9"]
[White "Boryboy"]
[Black "DeviatkinAndrey"]
[Result "1/2-1/2"]
[WhiteElo "2514"]
[BlackElo "2474"]
[TimeControl "180+2"]
[EndTime "18:53:57 PST"]
[Termination "Game drawn - insufficient material"]

1. d4 d5 2. Nf3 Nf6 3. c4 c6 4.
e3 Bf5 5. Nc3 e6 6. Nh4 Bg6 7.
Be2 Nbd7 8. Bd2 Bd6 9. Nxg6 hxg6 10. h3 Qe7 11. Bf3 a6 12. Qb3 Rb8 13. cxd5 cxd5 14.
Rc1 O-O 15. O-O Rfc8 16. Ne2 b5 17. Rxc8+ Rxc8 18. Rc1 Rc4 19. Rxc4 dxc4 20. Qc2 e5 21. Nc3 exd4 22. exd4 Nb6 23. Ne4 Bb4 24. Bg5 Qe6 25.
g4 Nbd5 26. Qe2 Nd7 27. a3 Be7 28. Kf1 Bxg5 29. Nxg5 Qxe2+ 30. Kxe2 N7b6 31. h4 Kf8 32. Bxd5 Nxd5 33. Ne4 Ke7 34. Kf3 a5 35. Nc5 b4 36.
axb4 axb4 37. Ke4 Nf6+ 38. Kf4 Kd6 39. g5 Nd5+ 40. Ke4 c3 41. bxc3 Nxc3+ 42. Kd3 Kd5 43. Nd7 Na4 44. Ne5 b3 45. Nxf7 b2 46. Kc2 Kxd4 47. Nd8 Ke4 48. Ne6 Kf3 49. Nxg7 Nc5 50. h5 gxh5 51. Nxh5 Ne6 52. g6 Kxf2 53. g7 Nxg7 54.
Nxg7 b1=Q+ 55. Kxb1 1/2-1/2

[Event "*** Titled Tuesday 3|2 Blitz"]
[Site "Chess.com"]
[Date "2015.11.03"]
[Round "9"]
[White "Alliswell998"]
[Black "gauranga"]
[Result "1-0"]
[WhiteElo "2111"]
[BlackElo "1930"]
[TimeControl "180+2"]
[EndTime "18:54:38 PST"]
[Termination "Alliswell998 won on time"]

1. e4 b6 2. Nc3 Bb7 3. Bc4 e6 4. Qe2 c5 5. d3 d6 6. f4 Nd7 7. Nf3 a6 8. f5 b5 9. fxe6 bxc4 10. exd7+ Qxd7 11. dxc4 Be7 12. Bf4 Nf6 13. O-O-O O-O 14.
e5 Qg4 15. Bg3 dxe5 16. Qxe5 Rfe8 17. Kb1 Bxf3 18. gxf3 Qxf3 19. Rhf1 Qc6 20. Bh4 Ng4 21. Qh5 Qg6 22. Qxg6 hxg6 23. Bxe7 Rxe7 24. Rd2 Rae8 25.
b3 Ne3 26. Rf3 f5 27. Na4 Re5 28. Re2 Nxc4 29. Rxe5 Nxe5 30. Re3 f4 31. Re1 c4 32. bxc4 Kf7 33. Nc5 g5 34. Ne4 Kg6 35. c5 g4 36. Nd6 Rb8+ 37. Kc1 Nf3 38. Re2 Nd4 39. Rg2 Kg5 40. Ne4+ Kf5 41. Nf2 g3 42. hxg3 f3 43.
Rh2 g5 44. Nd3 Kg4 45. Kd2 Kxg3 46. Rf2 g4 47. Rf1 Re8 48. c3 Nf5 49. Rg1+ Kh4 50. c6 g3 51. c7 f2 52. Rf1 g2 53. Rxf2 g1=Q 54. Rxf5 Qg2+ 55. Rf2 Qg5+ 56. Kc2 Rc8 57. Rh2+ Kg3 58. Rh1 Qf5 59. Rg1+ Kh2 60. Rg7 Qe5 61.
Nxe5 1-0

[Event "*** Titled Tuesday 3|2 Blitz"]
[Site "Chess.com"]
[Date "2015.11.03"]
[Round "9"]
[White "WanderingPuppet"]
[Black "ilmago"]
[Result "1-0"]
[WhiteElo "2162"]
[BlackElo "1899"]
[TimeControl "180+2"]
[EndTime "18:55:11 PST"]
[Termination "WanderingPuppet won by resignation"]

1. e4 c5 2. Nf3 d6 3. d4 cxd4 4. Nxd4 Nf6 5. Nc3 a6 6. Be3 e6 7. f3 b5 8. Qd2 Bb7 9. g4 Nfd7 10.
O-O-O Nb6 11. Qf2 N8d7 12. Nb3 Rc8 13. Na5 Ba8 14. Qd2 Be7 15. Bd3 Bf6 16. Ne2 Na4 17.
Bd4 Bxd4 18. Nxd4 Qb6 19. Nab3 Ne5 20. Qa5 Qa7 21. Bxb5+ Nc6 22. Qxa4 axb5 23. Qxa7 Nxa7 24. Rd2 Ke7 25. Rhd1 Rhd8 26. Kb1 h5 27. g5 g6 28. a3 d5 29. e5 Nc6 30. Nxc6+ Rxc6 31. Nd4 Rc4 32. c3 Rb8 33. Kc2 Rcc8 34. Kd3 h4 35. h3 Rh8 36. f4 Rb6 37. Ke3 Bb7 38. Ra1 Ra8 39. Rc1 Bc8 40. Rg2 Bd7 41. Rg4 Rh8 42. Nf3 Ra6 43. Rxh4 Raa8 44. Rxh8 Rxh8 45. h4 Bc6 46. Nd4 Bd7 47. Rh1 Kd8 48. Kf3 Kc7 49. Kg4 Kb6 50. h5 gxh5+ 51. Rxh5 Rf8 52. Rh7 Be8 53. Kh5 Kc5 54. Kh6 Rg8 55. b3 Rg6+ 56.
Kh5 Rg8 57. Kg4 Kb6 58. Kg3 Rf8 59. Kf3 Bd7 60. Rh6 Bc8 61. f5 Kc7 62. fxe6 fxe6+ 63. Rf6 Rg8 64. g6 Bd7 65. Nxe6+ Kc8 66. Rf8+ Rxf8+ 67. Nxf8 Bf5 68. g7 1-0